 Dungeon Crawl Stone Soup version 0.30.0-10-gfe55d96785 (webtiles) character file.

Game seed: 6028065888158111104

297 SnakkuSnakku7 the Trooper (level 6, -9/53 (55) HPs)
             Began as an Armataur Summoner on May 14, 2023.
             Was an Initiate of Wu Jian.
             Mangled by a wight
             ... wielding a +4 battleaxe of freezing
              (10 damage)
             ... on level 5 of the Dungeon.
             The game lasted 00:04:13 (3389 turns).

SnakkuSnakku7 the Trooper (Armataur Summoner)       Turns: 3389, Time: 00:04:16

HP:   -9/53 (55)    AC:  8    Str: 15    XL:     6   Next: 12%
MP:   8/8           EV:  9    Int: 16    God:    Wu Jian [......]
Gold: 135           SH:  0    Dex: 10    Spells: 7/8 levels left

rFire   . . .        a - +0 battleaxe
rCold   . . .        (shield currently unavailable)
rNeg    . . .        B - +0 robe
rPois   .            (no helmet)
rElec   .            (no cloak)
rCorr   +            (no gloves)
SInv    .            (no barding)
Will    .....        (no amulet)
Stlth   ++           y - +4 ring of protection
HPRegen 0.28/turn    p - ring of resist corrosion
MPRegen 0.11/turn

%: roll
@: lightly drained
A: large, rugged brown scales 3, deformed body, armoured tail, roll, long
tongue, awkward tongue
a: Renounce Religion


You were on level 5 of the Dungeon.
You worshipped Wu Jian.
Wu Jian was noncommittal.
You visited 1 branch of the dungeon, and saw 5 of its levels.

You collected 200 gold pieces.
You spent 65 gold pieces at shops.

Inventory:

Hand Weapons
 a - a +0 battleaxe (weapon)
 c - a +0 short sword
 i - a +0 whip
 j - a +0 hand axe
Missiles
 d - 7 javelins
 s - 7 poisoned darts (quivered)
Armour
 B - a +0 robe (worn)
Jewellery
 k - a ring of magical power
 l - a ring of fire
 p - a ring of resist corrosion (right hand)
 q - a ring of ice
 y - a +4 ring of protection (left hand)
Scrolls
 f - 2 scrolls of enchant weapon {unknown}
 h - a scroll of vulnerability {unknown}
 m - a scroll of immolation {unknown}
 n - a scroll of summoning {unknown}
 o - a scroll of magic mapping {unknown}
 r - a scroll of fear {unknown}
 t - a scroll of blinking {unknown}
 u - a scroll of brand weapon {unknown}
 v - a scroll of torment {unknown}
 x - a scroll of poison {unknown}
Potions
 b - a potion of magic
 e - 5 potions of curing {unknown}
 g - a potion of flight
 w - a potion of heal wounds
 z - 3 potions of attraction
 A - a potion of invisibility


   Skills:
 - Level 4.1 Fighting
 + Level 1.4 Axes
 + Level 2.7 Throwing
 - Level 1.3 Dodging
 - Level 2.1 Stealth
 - Level 1.7 Spellcasting
 - Level 3.2 Summonings


You had 7 spell levels left.
You knew the following spells:

 Your Spells              Type           Power      Damage    Failure   Level
a - Summon Small Mammal   Summ           44%        N/A       5%          1

Your spell library contained the following spells:

 Spells                   Type           Power      Damage    Failure   Level
 Call Imp                 Summ           22%        N/A       9%          2
 Call Canine Familiar     Summ           11%        N/A       17%         3
 Magic Dart               Conj           4%         1d3       22%         1
 Searing Ray              Conj           2%         2d4       32%         2
 Summon Guardian Golem    Hex/Summ       6%         N/A       32%         3
 Volatile Blastmotes      Fire/Tloc      2%         2d10      54%         3
 Summon Lightning Spire   Summ/Air       6%         N/A       73%         4
 Fulminant Prism          Conj/Hex       0%         3d5       91%         4
 Iskenderun's Mystic Bla  Conj/Tloc      1%         2d3       91%         4
 Lee's Rapid Deconstruct  Erth           0%         3d4*      99%         5


Dungeon Overview and Level Annotations

Branches:
Dungeon (5/15)             Temple (0/1) D:4

Altars:
Okawaru
Wu Jian

Shops:
D:4 (


Innate Abilities, Weirdness & Mutations

You are completely covered in rugged brown scales. (AC +3, +7% HP)
Armour fits poorly on your strangely shaped body.
You have a long armoured tail.
You roll when moving toward enemies. (Rampage)
Your long tongue fully drains potion bottles. (2x potion effects)
Your tongue gives you trouble enunciating. (1.5x scroll delay)


Message History

The hound is almost dead.
The hound bites you but does no damage. The hound bites you.
* * * LOW HITPOINT WARNING * * *
The hound bites you but does no damage.
You hit the hound.
You kill the hound!
The Council accepts your kill.
You start resting.
HP restored.
You climb upwards.
The giant cockroach bites you but does no damage.
The wight hits you with a +4 battleaxe of freezing.
The wight freezes you. The giant cockroach bites you.
There is a stone staircase leading down here.
Unknown command.
Unknown command.
The giant cockroach bites you.
The wight hits you with a +4 battleaxe of freezing!
The wight freezes you.
You climb downwards.
There is a stone staircase leading up here.
Unknown command.
You closely miss the wight. You closely miss the giant cockroach.
The giant cockroach bites you but does no damage.
The wight closely misses you.
The giant cockroach bites you but does no damage.
The wight hits you with a +4 battleaxe of freezing!
The wight freezes you.
You hit the wight but do no damage. You slash the giant cockroach!
You kill the giant cockroach!
The Council accepts your kill.
The wight hits you with a +4 battleaxe of freezing.
You feel drained. The wight freezes you.
You barely miss the wight.
The wight hits you with a +4 battleaxe of freezing!!
* * * LOW HITPOINT WARNING * * *
The wight freezes you.
* * * LOW HITPOINT WARNING * * *
The wight hits you with a +4 battleaxe of freezing!
You die...

###
#†#######
#@.......
#z##.....
#.# ###
#.# #.#
#.# ...
#.#


You could see a wight.

Vanquished Creatures
  A hound (D:5)
  Natasha (D:4)
  2 iguanas (D:4)
  4 gnolls
  6 adders
  A worm (D:2)
  3 dart slugs (D:3)
  2 orcs (D:3)
  6 bats
  6 endoplasms
  4 giant cockroaches
  7 goblins
  3 hobgoblins
  13 jackals
  4 quokkas
  12 ball pythons
  4 frilled lizards
  2 kobolds
  8 rats
89 creatures vanquished.

Notes
Turn   | Place    | Note
-------+----------+-------------------------------------------
     0 | D:1      | SnakkuSnakku7 the Armataur Summoner began the quest for the
                  | Orb.
     0 | D:1      | Reached XP level 1. HP: 14/14 MP: 3/3
    59 | D:1      | Reached skill level 1 in Fighting
   100 | D:1      | Reached XP level 2. HP: 24/24 MP: 4/4
   292 | D:1      | Reached skill level 2 in Fighting
   480 | D:1      | Reached XP level 3. HP: 18/32 MP: 5/5
   884 | D:2      | Reached skill level 3 in Fighting
  1153 | D:2      | Reached XP level 4. HP: 18/40 MP: 6/6
  1869 | D:3      | Found a faded altar of an unknown god.
  2109 | D:3      | Reached skill level 1 in Throwing
  2446 | D:3      | Found an ornate altar of the Wu Jian Council.
  2492 | D:3      | Became a worshipper of the Wu Jian Council
  2671 | D:3      | Reached XP level 5. HP: 43/49 MP: 7/7
  2706 | D:4      | Reached skill level 4 in Fighting
  2787 | D:4      | Found an iron altar of Okawaru.
  2858 | D:4      | Found Paippeom's Weapon Shoppe.
  2866 | D:4      | Bought a +0 battleaxe for 65 gold pieces
  3154 | D:4      | Reached skill level 1 in Axes
  3154 | D:4      | Noticed Natasha
  3169 | D:4      | Killed Natasha
  3170 | D:4      | Reached XP level 6. HP: 38/55 MP: 8/8
  3222 | D:4      | Found a staircase to the Ecumenical Temple.
  3237 | D:5      | Entered Level 5 of the Dungeon
  3389 | D:5      | HP: 1/53 [wight/+4 battleaxe of freezing (4)]
  3389 | D:5      | Mangled by a wight

Illustrated notes

Levels and vault maps discovered:
D:1:      tarquinn_simple_flora_water_a, layout_loops_corners
D:2:      layout_loops_cross, serial_glass, glass_columns_c, glass_columns_b,
          minmay_strange_pillars, minmay_strange_pillars
D:3:      layout_loops_ring, amcnicky_altar_gilded,
          hellmonk_ecumenical_altar_dog_temple
D:4:      layout_loops_ring, mainiacjoe_overflow_alcove_4,
          minmay_temple_entry_glass, serial_shops, nicolae_shop_peninsula,
          uniq_natasha
D:5:      layout_basic, mainiacjoe_overflow_small_starburst, serial_shops,
          nicolae_shop_pleasant_corner_grove

Skill      XL: |  1  2  3  4  5 |
---------------+----------------+-----
Fighting       | 1 2 3 4 |  4.1
Throwing       | 1 2 |  2.7
Axes           | 1 |  1.4
Dodging        | |  1.3
Stealth        | |  2.1
Spellcasting   | |  1.7
Summonings     | |  3.2

Action                     |  1- 3 |  4- 6 || total
---------------------------+-------+-------++-------
  Melee: Short sword       |    67 |       ||    67
         Tailslap          |    18 |    19 ||    37
         Unarmed           |     1 |       ||     1
         Hand axe          |    70 |   159 ||   229
         Whip              |     1 |       ||     1
         Punch             |       |     2 ||     2
         Battleaxe         |       |    47 ||    47
  Throw: Dart              |       |     4 ||     4
    Use: Scroll            |       |     4 ||     4
   Stab: Sleeping          |     8 |     9 ||    17
 Armour: Robe              |    58 |   121 ||   179
  Dodge: Dodged            |    61 |   125 ||   186
